 Dungeon Crawl Stone Soup version 0.28.0-53-g5a82cb258f (webtiles) character file.

Game seed: 4846970148608532296

32 Zeld the Firebug (level 3, -1/31 HPs)
             Began as an Ogre Fire Elementalist on June 6, 2022.
             Killed from afar by an orc wizard (6 damage)
             ... with a magic dart
             ... on level 2 of the Dungeon.
             The game lasted 00:01:35 (1854 turns).

Zeld the Firebug (Ogre Fire Elementalist)           Turns: 1854, Time: 00:01:36

Health: -1/31      AC:  3    Str: 12    XL:     3   Next: 27%
Magic:  1/7        EV:  9    Int: 18    God:
Gold:   12         SH:  0    Dex:  9    Spells: 2/8 levels left

rFire   . . .      SeeInvis .   (no weapon)
rCold   . . .      Faith    .   (no shield)
rNeg    . . .      Spirit   .   a - +0 robe
rPois   .          Reflect  .   (helmet restricted)
rElec   .          Harm     .   (no cloak)
rCorr   .          Rampage  .   (gloves unavailable)
Will    .....                   (boots unavailable)
Stlth   +.........              (no amulet)
HPRegen 0.10/turn               (no ring)
MPRegen 0.10/turn               (no ring)

@: no status effects
A: large, unfitting armour, tough skin 1
a: no special abilities


You were on level 2 of the Dungeon.
You visited 1 branch of the dungeon, and saw 3 of its levels.

You collected 12 gold pieces.

Inventory:

Armour
 a - a +0 robe (worn)
Scrolls
 b - 2 scrolls of identify {unknown}


   Skills:
 - Level 1.7 Dodging
 - Level 1.4 Stealth
 * Level 3.2 Spellcasting
 + Level 1.3 Conjurations
 * Level 3.2 Fire Magic


You had 2 spell levels left.
You knew the following spells:

 Your Spells              Type           Power      Damage    Failure   Level
a - Foxfire               Conj/Fire      44%        2x1d6     6%          1
b - Scorch                Fire           28%        2d6       6%          2
c - Inner Flame           Hex/Fire       8%         N/A       24%         3

Your spell library contained the following spells:

 Spells                   Type           Power      Damage    Failure   Level
 Conjure Flame            Conj/Fire      11%        6-21      19%         3
 Flame Wave               Conj/Fire      11%        2d5       52%         4


Dungeon Overview and Level Annotations

Branches:
Dungeon (3/15)

Altars:

Shops:
D:2 [

Annotations:
D:3 Robin


Innate Abilities, Weirdness & Mutations

You are too large for most types of armour.
You have tough skin. (AC +1)


Message History

The orc wizard is no longer more vulnerable to fire.
The orc wizard hits you but does no damage.
The orc wizard gestures at you while chanting.
The puff of flame hits you.
You feel less confused.
The orc wizard hits you with a +0 dagger.
Casting: Scorch (safe; 6% risk of failure)
Confirm with . or Enter, or press ? or * to list all spells.
Flames lash the orc wizard.
The orc wizard is heavily wounded.
The orc wizard's fire resistance burns away.
The orc wizard hits you with a +0 dagger.
Casting: Scorch (safe; 6% risk of failure)
Confirm with . or Enter, or press ? or * to list all spells.
Flames lash the orc wizard.
The orc wizard is burned terribly!
The orc wizard is severely wounded.
The orc wizard closely misses you.
Casting: Scorch (safe; 6% risk of failure)
Confirm with . or Enter, or press ? or * to list all spells.
You miscast Scorch.
You are very lightly contaminated with residual magic.
Nothing appears to happen.
The orc wizard mumbles some strange words.
The orc wizard flickers and vanishes!
Deactivating autopickup; reactivate with Ctrl-A.
You closely miss something. Something hits you.
You hear some strange, mumbled words.
You are confused.
Your magical contamination has completely faded away.
A puff of flame appears from out of thin air!
The puff of flame hits you!
You hear some strange, mumbled words.
Something tries to affect you, but you resist.
A magic dart appears from out of thin air!
The magic dart hits you!
* * * LOW HITPOINT WARNING * * *
You feel less confused.
A magic dart appears from out of thin air!
The magic dart hits you.
You die...

#.#.#.#####)# ####.#.#.#
#{# ### #......#.# #.#
....##......#.#####.#####
............#...........#
.........(.(#.........#.#
............###########.#
...........{.......<....#
........@..##############
###.......# ######.....#
..........## ....#.....#
... +....∩# .. #.....#
#.....# #.....#


There were no monsters in sight!

Vanquished Creatures
  An adder (D:1)
  2 dart slugs (D:1)
  A ball python (D:1)
  A bat (D:3)
  5 goblins
  A hobgoblin (D:3)
  3 jackals
  2 kobolds
  2 rats (D:1)
18 creatures vanquished.

Vanquished Creatures (others)
  26 foxfires
  A fungus (D:3)
27 creatures vanquished.

Grand Total: 45 creatures vanquished

Notes
Turn   | Place    | Note
-------+----------+-------------------------------------------
     0 | D:1      | Zeld the Ogre Fire Elementalist began the quest for the
                  | Orb.
     0 | D:1      | Reached XP level 1. HP: 16/16 MP: 3/3
   156 | D:1      | Reached skill level 1 in Conjurations
   643 | D:1      | Reached XP level 2. HP: 16/24 MP: 0/5
   646 | D:1      | Learned a level 2 spell: Scorch
  1346 | D:3      | Reached XP level 3. HP: 28/31 MP: 4/7
  1350 | D:3      | Learned a level 3 spell: Inner Flame
  1354 | D:3      | Noticed Robin
  1495 | D:2      | Found Ottegiam's Antique Armour Shop.
  1854 | D:2      | Killed from afar by an orc wizard

Illustrated notes

Levels and vault maps discovered:
D:1:      beargit_arrival_diablo_church, layout_loops_ring, minmay_box_of_dots
D:2:      layout_basic, serial_shops, shop, basic_altar
D:3:      layout_basic, shapermc_ecumenical_altar_rom_forum, uniq_robin

Skill      XL: |  1  2 |
---------------+-------+-----
Conjurations   | 1 |  1.3
Fire Magic     | 3 |  3.2
Spellcasting   | 3 |  3.2
Dodging        | |  1.7
Stealth        | |  1.4

Action                   || total
-------------------------++-------
Melee: Unarmed           ||    33
       Punch             ||     1
 Cast: Foxfire           ||    27
       Scorch            ||    11
Armor: Robe              ||    29
Dodge: Dodged            ||    41
